 Dungeon Crawl Stone Soup version 0.27-a0-328-g7f782ed93a (webtiles) character file.

Game seed: 8863120604350093052

25 puppykicker the Chiller (level 3, 12/19 HPs)
             Began as a Tengu Ice Elementalist on Feb 11, 2021.
             Quit the game on level 2 of the Dungeon.
             The game lasted 00:02:42 (1145 turns).

puppykicker the Chiller (Tengu Ice Elementalist)    Turns: 1145, Time: 00:02:43

Health: 12/19      AC:  2    Str:  9    XL:     3   Next: 4%
Magic:  4/7        EV: 12    Int: 15    God:
Gold:   35         SH:  0    Dex: 14    Spells: 5/6 levels left

rFire    . . .     SeeInvis .   (no weapon)
rCold    . . .     Faith    .   (no shield)
rNeg     . . .     Spirit   .   a - +0 robe
rPois    .         Reflect  .   (helmet restricted)
rElec    .         Harm     .   (no cloak)
rCorr    .         Rampage  .   (no gloves)
Will     .....                  (boots unavailable)
Stlth    ++........             (no amulet)
HPRegen  0.06/turn              (no ring)
MPRegen  0.10/turn              (no ring)

@: no status effects
A: beak, talons 3
a: no special abilities


You were on level 2 of the Dungeon.
You visited 1 branch of the dungeon, and saw 2 of its levels.

You collected 35 gold pieces.

Inventory:

Missiles
 c - 20 poisoned darts
 d - 95 stones (quivered)
Armour
 a - a +0 robe (worn)
Scrolls
 b - 2 scrolls of immolation {unknown}
 e - a scroll of identify {unknown}


   Skills:
 - Level 2.1 Dodging
 - Level 2.0 Stealth
 - Level 2.0 Spellcasting
 + Level 4.4 Ice Magic


You had 5 spell levels left.
You knew the following spells:

 Your Spells              Type           Power        Failure   Level
a - Freeze                Ice            56%          3%          1

Your spell library contained the following spells:

 Spells                   Type           Power        Failure   Level
 Frozen Ramparts          Ice            28%          11%         3
 Ozocubu's Armour         Ice            14%          11%         3
 Hailstorm                Conj/Ice       8%           65%         4
 Summon Ice Beast         Ice/Summ       8%           65%         4


Dungeon Overview and Level Annotations

Branches:
Dungeon (1/15)

Altars:


Innate Abilities, Weirdness & Mutations

You have a beak for a mouth.
You have claws for feet.


Message History

d - 95 stones (gained 2)
You see here a +0 short sword.
You fall into a shaft and drop 1 floor!
The shaft crumbles and collapses.
MP restored: 6 You open the door.
A hobgoblin comes into view. It is wielding a +0 club.
A hobgoblin is nearby!
There is an open door here.
The helpless hobgoblin fails to defend itself.
You hit the hobgoblin but do no damage.
You peck the hobgoblin, but do no damage.
The hobgoblin hits you with a +0 club.
You take 6 damage, and have 9/15 hp.
MASSIVE DAMAGE!!
Unknown command.
Casting: Freeze (safe; 3% risk of failure)
Aiming: Freeze (safe; 3% risk of failure)
Press: ? - help, Shift-Dir - straight line, f - hobgoblin
Aim: a hobgoblin, wielding a +0 club You freeze the hobgoblin.
You kill the hobgoblin!
You have reached level 3!
Your experience leads to an increase in your attributes!
Increase (S)trength, (I)ntelligence, or (D)exterity?
You feel stronger.
You regained 3 hp, and now have 12/19 hp.
You now have 5/7 mp.
Unknown command.
There is an open door here.
A kobold comes into view.
The kobold shouts!
You hear a shout!
Casting: Freeze (safe; 3% risk of failure)
Aiming: Freeze (safe; 3% risk of failure)
Press: ? - help, Shift-Dir - straight line, f - kobold
Aim: a kobold, quivering stones You freeze the kobold.
You kill the kobold!
A hobgoblin comes into view.
You now have 4/7 mp.

######### ##
#........ #.
#........ #g
#.)......
######.####........
.......@..'........
######(####........
#. ######### #. #.
.. #. #.


You could see a hobgoblin.

Levels and vault maps discovered:
D:1:      minmay_arrival_arboretum_small, layout_basic, minmay_misc_feat_rugged,
          minmay_rat_gold_closets
D:2:      layout_basic, minmay_joined_circles

Notes
Turn   | Place    | Note
-------+----------+-------------------------------------------
     0 | D:1      | puppykicker the Tengu Ice Elementalist began the quest for
                  | the Orb.
     0 | D:1      | Reached XP level 1. HP: 10/10 MP: 4/4
   319 | D:1      | Identified a +0 club
   324 | D:1      | Reached skill level 4 in Ice Magic
   324 | D:1      | Reached XP level 2. HP: 15/15 MP: 4/6
   330 | D:1      | Identified a +0 club
   412 | D:1      | Identified a +0 club
   493 | D:1      | Identified a +0 club
   565 | D:1      | Identified a +0 club
   598 | D:1      | Identified a +0 club
   756 | D:1      | Identified a +0 club
  1054 | D:1      | Identified a +0 short sword
  1134 | D:1      | You fall into a shaft and drop 1 floor!
  1135 | D:2      | Identified a +0 club
  1140 | D:2      | Reached XP level 3. HP: 12/19 MP: 5/7
  1145 | D:2      | Quit the game

Table legend: (Time is in decaauts)
 A = Elapsed time spent in this place.
 B = Non-inter-level travel time spent in this place.
 C = Inter-level travel time spent in this place.
 D = Time resting spent in this place.
 E = Time spent auto-exploring this place.
 F = Levels seen in this place.
 G = Mean time per level.
                   A        B        C        D        E       F      G
               +--------+--------+--------+--------+--------+-----+--------+
         Total |   1145 |   1145 |      0 |    401 |    609 |   2 |  572.5 |
       Dungeon |   1145 |   1145 |      0 |    401 |    609 |   2 |  572.5 |
               +--------+--------+--------+--------+--------+-----+--------+

Top non-repeatable levels by time:
     D:1: 1135 daAuts
     D:2: 10 daAuts

Table legend:
 A = Kills in this place as a percentage of kills in entire the game.
 B = Kills by you in this place as a percentage of kills by you in the entire game.
 C = Kills by friends in this place as a percentage of kills by friends in the entire game.
 D = Other kills in this place as a percentage of other kills in the entire game.
 E = Experience gained in this place as a percentage of experience gained in the entire game.
 F = Experience gained in this place divided by the number of levels of this place that you have seen.
                   A       B       C       D       E      F
               +-------+-------+-------+-------+-------+----------------------
         Total | 100.0 | 100.0 |   N/A |   N/A | 100.0 |  18.0
       Dungeon | 100.0 | 100.0 |   N/A |   N/A | 100.0 |  18.0
               +-------+-------+-------+-------+-------+----------------------

Skill      XL: |  1 |
---------------+----+-----
Ice Magic      | 4 |  4.4
Dodging        | |  2.1
Stealth        | |  2.0
Spellcasting   | |  2.0

Action                   || total
-------------------------++-------
Melee: Unarmed           ||     6
       Peck              ||     2
Throw: Stone             ||    11
 Cast: Freeze            ||    28
 Stab: Sleeping          ||     1
Armor: Robe              ||     8
Dodge: Dodged            ||    23

Vanquished Creatures
  2 dart slugs (D:1)
  A bat (D:1)
  2 giant cockroaches (D:1)
  8 hobgoblins
  A frilled lizard (D:1)
  A goblin (D:1)
  3 kobolds
18 creatures vanquished.
